cohdb
Replays
Latest Replays
All Replays
Popular Replays
Top Player Replays
Match Explorer
How It Works
Community
CoH3 Stats
Reddit
Sign in to upload your games and track your stats! →
Sign in with Steam
Match 42402186
Unlisted
Match 42402186
Overview
Messages
Build Orders
End
Panzergrenadier Squad
Kradschützen Motorcycle Team
Selects Italian Infantry
250 Light Carrier
Panzergrenadier Squad
Construct Light Support Kompanie
Fire Support Elements
Selects Defensive Operations
Assault Grenadier Squad
Panzerjäger Mechanized Group
2.5-tonne Medical Truck
Flakvierling Half-track
Selects Guastatori Squad
Selects Registered Artillery
Construct Panzerarmee Kommand
Panzerjäger Mechanized Group
Panzer III L Medium Tank
Karta
NEMA
Dahlian
Bish Bash Bosh
0
0
Comments
sign in to comment!
No comments posted yet!